[Event "16th HSG Open-A 2022"]
[Site "Hilversum"]
[Date "2022.06.18"]
[Round "4.6"]
[White "Pijpers, Arthur"]
[Black "Vlaming, Jos"]
[Result "1-0"]
[ECO "C18"]
[WhiteElo "2463"]
[BlackElo "2111"]
[Annotator "TA"]
[PlyCount "85"]
[EventDate "2022.06.17"]
[EventCountry "NED"]
[SourceTitle "playchess.com"]
[Source "ChessBase"]
[SourceQuality "1"]
[TimeControl "6600+10"]

1. e4 e6 2. d4 d5 3. Nc3 Bb4 4. e5 c5 5. a3 Bxc3+ 6. bxc3 Qc7 7. Qg4 f5 8. Qg3 cxd4 9. cxd4 Ne7 10. c3 {[%emt 0:00:16] is the legacy move (10.Ne2). C18: French: 3 Nc3 Bb4: Main line: 7 h4 and 7 Qg4.} (10. Qxg7 $2 Qc3+ 11. Ke2 (11. Kd1 $2 Qxd4+ 12. Bd3 Rg8 $19) 11... Rg8 $19) 10... b6 11. Ne2 O-O 12. Nf4 {[%emt 0:00:12] Prevents Ng6. White is better.} Qd7 ({Better is} 12... Ng6) 13. a4 $16 {[%emt 0:00:48] White is more active.} (13. Nh5 $6 Ng6 $11) 13... Ba6 14. Bb5 Nec6 15. Ba3 Rc8 {[%emt 0:01:05] [#]} (15... Re8 $16 16. h4 Qf7) 16. h4 $146 ({Predecessor:} 16. Qh3 Bxb5 17. axb5 Ne7 18. Bxe7 Qxe7 19. g4 Nd7 20. gxf5 exf5 21. O-O {1-0 (21) Thompson,C (2166)-Swatek,W ICCF email 2013}) 16... Bxb5 17. axb5 Na5 18. h5 Qf7 19. Qg5 Nd7 (19... h6 $16 20. Qg6 Qxg6 21. hxg6 Re8) 20. Bb4 Nb3 {[%emt 0:14:24] [#]} 21. Rb1 a5 22. bxa6 $1 (22. Rxb3 axb4 23. O-O Nf8 $14) 22... Rxa6 23. O-O Nd2 24. Ra1 Raa8 25. Rfd1 {[%emt 0:06:08] Strongly threatening Rxa8.} Nc4 (25... Ne4 {was worth a try.} 26. Qh4 h6) 26. g4 (26. h6 $18 {and White stays clearly on top.} g6 27. Rxa8 Rxa8 28. g4) 26... Ndxe5 27. dxe5 Nxe5 28. Kg2 {[%emt 0:00:04] Prevents Nf3. gxf5 is the strong threat.} h6 (28... Nxg4 $16 29. Rxa8 Rxa8) 29. Qh4 $2 ({White should try} 29. Qe7 $18) 29... Rxa1 $11 30. Rxa1 {[%emt 0:00:02] Black must now prevent Qe7.} fxg4 31. Qg3 {[%emt 0:01:32] Hoping for Qe3.} Rc4 $2 (31... Qb7 $11) 32. Bd6 $2 (32. Ra8+ Kh7 33. Rf8) 32... Rxf4 33. Ra8+ ({Not} 33. Bxe5 Rf3 34. Qh4 (34. Qxg4 Rxf2+ 35. Kg3 Rf5 $11) 34... Rf5 $11) 33... Kh7 {[%emt 0:00:02] [#]} 34. Rf8 $1 {[%emt 0:00:07] Dancing on a razor blade.} ({Weaker is} 34. Bxe5 Rf3 35. Qxg4 Rxf2+ 36. Kg3 Rf5 37. Qg6+ Qxg6+ 38. hxg6+ Kxg6 $11) 34... Re4 $2 (34... Rf3 35. Qxe5 Qb7) 35. Rxf7 $18 Nxf7 36. Bc7 g6 37. hxg6+ Kxg6 38. Bxb6 Ng5 39. Qb8 Nf3 40. Qg8+ {[%emt 0:00:50] White mates.} Kf6 41. Bd8+ Ke5 42. Qg7+ Kf5 43. Qf6# {[%emt 0:01:42] Weighted Error Value: White=0.30/Black=0.70} 1-0

[Event "16th HSG Open-A 2022"]
[Site "Hilversum"]
[Date "2022.06.18"]
[Round "4.7"]
[White "Leenhouts, Koen"]
[Black "Ercan, Selman"]
[Result "1-0"]
[ECO "D11"]
[WhiteElo "2416"]
[BlackElo "2094"]
[Annotator "TA"]
[PlyCount "77"]
[EventDate "2022.06.17"]
[EventCountry "NED"]
[SourceTitle "playchess.com"]
[Source "ChessBase"]
[SourceQuality "1"]
[TimeControl "6600+10"]

1. d4 d5 2. c4 c6 3. Nf3 Nf6 4. g3 Bf5 5. Nc3 e6 6. Nh4 {[%emt 0:00:21] D11: Slav Defence: 3 Nf3 sidelines and 3...Nf6 4 e3 Bg4.} Bg6 7. Nxg6 hxg6 8. Qd3 {[%emt 0:00:09] White has an edge.} Nbd7 9. Bg2 Bd6 10. O-O O-O {[%emt 0:01:45] [#]} 11. Re1 $146 ({Predecessor:} 11. Rd1 Re8 12. Bg5 Qa5 13. c5 Bf8 14. Bd2 Qc7 15. f4 Nh7 16. g4 g5 17. e3 {½-½ (62) Lysyj,I (2666)-Pridorozhni,A (2517) Khanty-Mansiysk 2013}) 11... Qa5 12. c5 Be7 13. Bd2 {[%emt 0:04:52][%cal Oc3d5] Nxd5! is the strong threat.} Qc7 14. b4 e5 15. e3 {[%emt 0:01:57] White is more active.} (15. e4 $16 dxe4 16. Nxe4 (16. Bxe4 a5 $11)) 15... e4 16. Qe2 Rfe8 17. b5 Nf8 18. a4 Qd7 19. a5 a6 20. bxc6 bxc6 21. Reb1 Bd8 {[%emt 0:03:49] Inhibits Rb6.} 22. Na4 {[%emt 0:00:39] And now Nb6 would win.} Qf5 23. Rb7 Ne6 {[%emt 0:04:20] This costs Black the game.} (23... Qc8 $16 {keeps fighting.} 24. Rab1 Ne6) 24. Nb6 Bxb6 25. axb6 Ng5 26. Kf1 (26. Rxa6 Nf3+ 27. Bxf3 exf3 $11) 26... Ng4 27. h3 Nh2+ 28. Ke1 Ngf3+ 29. Kd1 Ng1 {[%emt 0:00:34] [#]} 30. Qe1 (30. g4 Qc8 31. Rc7 Qxc7 $17) 30... Nxh3 31. Bxh3 Qxh3 32. Kc2 Qf5 (32... Nf3 33. Qf1 Qf5 34. Rc7) 33. Qe2 Ng4 34. Rc7 Rac8 35. Rxc8 (35. Rxa6 Rxc7 36. bxc7 Rc8 $16) 35... Qxc8 (35... Rxc8 36. Rxa6 (36. Qxa6 Rb8 $16) 36... Kh7) 36. Qxa6 $18 {[%emt 0:01:06] White is clearly winning.} Qxa6 37. Rxa6 {[%emt 0:00:04] [#] Black must now prevent b7.} Rb8 38. Ra7 Nf6 39. Rc7 {[%emt 0:00:07] Weighted Error Value: White=0.07 (flawless) /Black=0.22 (precise)} 1-0

[Event "16th HSG Open-A 2022"]
[Site "Hilversum"]
[Date "2022.06.18"]
[Round "4.8"]
[White "Gilmanov, Mansur"]
[Black "Bosboom, Ardin"]
[Result "0-1"]
[ECO "D45"]
[WhiteElo "2390"]
[BlackElo "2093"]
[Annotator "RC"]
[PlyCount "104"]
[EventDate "2022.06.17"]
[EventCountry "NED"]
[SourceTitle "playchess.com"]
[Source "ChessBase"]
[SourceQuality "1"]
[TimeControl "6600+10"]

1. d4 d5 2. c4 c6 3. Nc3 Nf6 4. e3 e6 5. Nf3 Nbd7 6. Qc2 Bd6 7. c5 Bc7 8. b4 e5 9. Bb2 e4 10. Nd2 O-O 11. h3 Re8 12. a4 Nf8 13. Nb3 N6d7 14. O-O-O f5 15. g3 Nf6 16. Be2 Be6 17. Ba3 Qd7 18. b5 Bf7 19. a5 Bh5 20. Bxh5 Nxh5 21. b6 Bd8 22. Kb2 Ne6 23. bxa7 Rxa7 24. Bb4 g5 25. Qe2 Qf7 26. Na4 f4 27. g4 fxe3 28. gxh5 exf2 29. Bd2 Nf4 30. Bxf4 Qxf4 31. Rhf1 Rf8 32. Nb6 Qf3 33. Rd2 e3 34. Rc2 Qxh3 35. Rc3 Qxf1 36. Qxf1 e2 37. Qxe2 f1=Q 38. Qe6+ Qf7 39. Qxf7+ Rxf7 40. Re3 Bxb6 41. cxb6 Ra8 42. Nc5 Rxa5 43. Re8+ Kg7 44. Re6 Rxc5 45. h6+ Kf8 46. dxc5 g4 47. Kc3 Rf1 48. Rd6 Ke7 49. Kd4 g3 50. Ke5 g2 51. Re6+ Kf7 52. Kd6 Rf6 0-1

[Event "16th HSG Open-A 2022"]
[Site "Hilversum"]
[Date "2022.06.18"]
[Round "4.9"]
[White "Wagenvoorde, Guido"]
[Black "Roebers, Eline"]
[Result "1-0"]
[ECO "D45"]
[WhiteElo "2090"]
[BlackElo "2369"]
[Annotator "TA"]
[PlyCount "63"]
[EventDate "2022.06.17"]
[EventCountry "NED"]
[SourceTitle "playchess.com"]
[Source "ChessBase"]
[SourceQuality "1"]
[TimeControl "6600+10"]

1. d4 d5 2. c4 c6 3. Nf3 Nf6 4. Nc3 e6 5. e3 Nbd7 6. Qc2 Bd6 7. g4 h6 8. Rg1 $1 {[%emt 0:00:11] 8.Rg1 scores better than 8.Bd2.} e5 {[%emt 0:00:02] D45: Semi-Slav: 5 e3.} 9. cxd5 cxd5 10. Nb5 Bb8 {[%emt 0:00:06] The position is equal.} 11. g5 hxg5 12. Nxg5 {[%emt 0:00:10][%cal Og5e6] Black must now prevent Ne6!} e4 ({Don't play} 12... Rxh2 13. Bd2 (13. Nxf7 Kxf7 14. Qg6+ Ke6 $15) 13... Nb6 14. Nf3 $16) 13. Bd2 Nb6 14. Rc1 Bd7 15. Bb4 {[%emt 0:00:38] was the old line (15.Nc7+).} Bc6 16. f4 exf3 17. Nxf3 {[%emt 0:01:56] [#]} Ne4 $146 ({Black should try} 17... a5 $11 18. Bc5 Ne4 19. Rxg7 Nc4) ({Predecessor:} 17... a5 18. Bc5 Ne4 19. Rxg7 Nc4 20. Qg2 Nxc5 21. dxc5 Bxb5 22. Rg8+ Rxg8 23. Qxg8+ Ke7 24. Qg5+ Ke8 25. Qg8+ {½-½ (25) Verhoef,H (2471)-Bleker,F (2404) ICCF email 2013}) 18. Rxg7 $14 {[%emt 0:13:58] Strongly threatening Qg2.} a6 $2 {[%emt 0:07:30][%mdl 8192] [#] This costs Black the game.} ({Better is} 18... a5 $1 $14 19. Ba3 Nc4 20. Bxc4 dxc4) 19. Qg2 $1 $18 {[%emt 0:17:04] White threatens Rg8+ and mate.} Nf6 {[%emt 0:09:35] [#] Against Rg8+} (19... Qf6 20. Rg8+) 20. Ng5 $1 Nh5 {[%emt 0:04:11] [#]} (20... Qd7 21. Qf3) 21. Qf2 $1 Qf6 22. Qxf6 Nxf6 23. Rxf7 Rxh2 24. Rf8+ Kd7 25. Rxf6 $2 (25. Rf7+ Ke8 26. Nd6+ Bxd6 27. Bxd6) 25... Bg3+ 26. Kd1 axb5 27. Rf3 $40 {[%emt 0:02:22][%mdl 128] White has strong attack. Chess con chili.} Bh4 28. Rf7+ Ke8 $2 (28... Kd8) 29. Re7+ {[%emt 0:01:44] White is clearly winning.} Kd8 30. Ne6+ Kc8 {[%emt 0:00:01] [#]} 31. Rc7+ ({Weaker is} 31. Re8+ Kd7 32. Rxa8 Nxa8 $16) 31... Kb8 32. Bd6 {[%emt 0:00:13] Weighted Error Value: White=0.43/Black=0.78} 1-0

[Event "16th HSG Open-A 2022"]
[Site "Hilversum"]
[Date "2022.06.18"]
[Round "4.10"]
[White "Boekelman, Jan"]
[Black "De Groote, Ewoud"]
[Result "0-1"]
[ECO "A62"]
[WhiteElo "2116"]
[BlackElo "2230"]
[Annotator "TA"]
[PlyCount "90"]
[EventDate "2022.06.17"]
[EventCountry "NED"]
[SourceTitle "playchess.com"]
[Source "ChessBase"]
[SourceQuality "1"]
[TimeControl "6600+10"]

1. d4 Nf6 2. c4 e6 3. g3 c5 4. d5 exd5 5. cxd5 d6 6. Nc3 g6 7. Bg2 Bg7 8. Nf3 O-O 9. O-O Re8 10. Bf4 Ne4 {[%emt 0:02:24] 10...Bf5 is a critical line.} 11. Nxe4 Rxe4 12. Nd2 {[%emt 0:00:13] A62: Modern Benoni: Fianchetto Variation without early ...Nbd7.} Rb4 (12... Rxf4 $5 13. gxf4 Bxb2 $14) 13. a3 Rxf4 14. gxf4 {[%emt 0:00:02] White has an edge.} Bxb2 15. Rb1 Bg7 16. Nc4 b6 {[%emt 0:07:54] [#]} 17. Ne5 $146 ({Predecessor:} 17. e3 Ba6 18. Qa4 Bf8 19. Rfe1 Qf6 20. Bh3 Qh4 21. Kg2 f5 22. Rb3 Bxc4 23. Qxc4 {1-0 (62) Kaasen,T (2460)-Langheinrich,F (2351) Terme Catez 2022}) 17... Bf5 (17... dxe5 $5 18. d6 Bf5 $1 19. Bxa8 Bxb1 20. Qxb1 exf4 $11) 18. e4 dxe5 (18... Bc8 $1 $11 {remains equal.} 19. Nd3 a5) 19. exf5 $16 Nd7 20. d6 {[%emt 0:10:40] fxg6 is the strong threat.} Rb8 $1 21. fxg6 hxg6 22. Qd5 (22. f5 $5 gxf5 23. Bh3 $14) 22... Nf6 ({Black should play} 22... exf4 $11 23. Rfe1 Bf8) 23. Qc6 $1 $14 exf4 (23... Nh5 $14) 24. Rfe1 Ng4 (24... Qd7 $142) 25. d7 (25. Re7 $1 $16 {And now Rbe1 would win.} Bd4 26. Rf1 (26. Qd5 Qf8 $14)) 25... Qh4 $4 (25... Ne5 $14 26. Rxe5 Bxe5) 26. Re8+ $18 Kh7 27. d8=Q (27. Rxb8 Qxf2+ 28. Kh1 Qh4 $11) (27. Qf3 $1 $18 {is the narrow road to win.} Ne5 28. Qh3 Qxh3 29. Bxh3 Nxd7 30. Bxd7) 27... Qxf2+ $19 28. Kh1 Rxd8 29. Rxd8 Bd4 $2 (29... Qh4 $19 30. Bh3 (30. h3 $2 Qxd8 31. Qd5 Qf6 $19) 30... Nf2+ 31. Kg2 Qxd8) 30. Rxd4 $1 $11 Qxd4 $40 {[%emt 0:00:15][%mdl 128] Black attacks. The board is on fire.} 31. h3 Ne3 32. Qe4 {[%emt 0:00:00] Strongly threatening Qxd4.} (32. Rg1 $5 Kg7 33. Be4 $16) 32... Qxe4 (32... Qf6 $11) 33. Bxe4 $18 f5 34. Bf3 g5 35. Rb2 $2 (35. Kg1 $16) 35... c4 36. Rd2 c3 37. Rd7+ Kg6 {[%emt 0:00:32] White must now prevent ...c2.} 38. Rd3 {[%emt 0:00:00] [#]} (38. Rd6+ $11 Kg7 39. Bd1) 38... c2 $1 $17 {[%emt 0:00:00][%mdl 1024] Black has strong compensation.} (38... g4 39. Rxc3 gxf3 40. Rc6+ Kg5 41. Kg1 $16) 39. Rc3 {[%emt 0:00:00] [#]} Kf6 $1 {[%emt 0:00:20] Threatens to win with ...Ke5.} ({Resist} 39... g4 40. hxg4 fxg4 41. Be4+ Kh5 42. Bxc2 $18) 40. Be2 $2 (40. Bc6 $17 Ke5 41. Bb5) 40... Ke5 $19 41. Kg1 $2 (41. Bb5) 41... Kd4 42. Rd3+ Ke4 43. Rc3 f3 44. Bb5 f2+ 45. Kh1 f4 {[%emt 0:00:10] Weighted Error Value: White=1.03/Black=0.46} (45... g4 $142 46. Rxc2 Nxc2) 0-1

[Event "16th HSG Open-A 2022"]
[Site "Hilversum"]
[Date "2022.06.18"]
[Round "4.11"]
[White "Honkoop, Gilian"]
[Black "Jonsson, Gauti Pall"]
[Result "1-0"]
[ECO "E61"]
[WhiteElo "2197"]
[BlackElo "2065"]
[Annotator "TA"]
[PlyCount "153"]
[EventDate "2022.06.17"]
[EventCountry "NED"]
[SourceTitle "playchess.com"]
[Source "ChessBase"]
[SourceQuality "1"]
[TimeControl "6600+10"]

1. c4 Nf6 2. Nf3 g6 3. d4 Bg7 4. Nc3 O-O 5. Bg5 h6 6. Bh4 c5 7. d5 d6 8. e4 {[%emt 0:04:13] E61: King's Indian: Early deviations for White, including Smyslov System.} Qb6 9. Qc2 e6 10. Nd2 {[%emt 0:03:19] [#] White is slightly better.} Nbd7 $146 ({Predecessor:} 10... Nh5 11. f3 e5 12. g4 Nf4 13. O-O-O a6 14. Qb3 Qc7 15. Na4 Nd7 16. Nb1 Rb8 {0-1 (46) Kryger,O (2075)-Moser,E (2223) Litohoto 1999}) 11. Be2 a6 ({Better is} 11... Re8) 12. O-O exd5 13. cxd5 (13. exd5 $6 Ne5 $11) 13... Nh7 (13... Qc7 $16) 14. Nc4 $18 Qc7 15. Be7 Re8 16. Bxd6 Qd8 17. a4 {[%emt 0:01:33] Against b5} Bd4 18. Bg3 h5 19. h3 Qg5 {[%emt 0:01:41] ...Qxg3 is the strong threat.} 20. Kh1 f5 21. exf5 gxf5 22. Bd3 (22. Nd6 Rf8 23. Bd3 Ne5 24. Bxe5 Bxe5 $18) 22... Nhf6 23. h4 Qh6 24. Bxf5 Ne5 {[%emt 0:01:30] White must now prevent ...Bxf5.} 25. Nd6 Bxf5 26. Nxf5 ({Don't do} 26. Qxf5 Re7 27. Rae1 Ne8 $18) 26... Qh7 27. Rae1 Neg4 28. d6 Be5 29. Ne7+ (29. Bxe5 $142 Nxe5 30. Ne2) 29... Rxe7 30. Qxh7+ {[%emt 0:00:06][%mdl 64] [#] Deflection} Rxh7 31. Bxe5 Nxe5 32. Rxe5 Rd7 33. Rd1 ({But not} 33. Rxc5 Re8 34. Nd5 Rxd6 $18) 33... Rad8 34. Rxc5 Rxd6 35. Rxd6 Rxd6 {[%emt 0:00:06][%mdl 4096] Endgame KRN-KRN} 36. Rc8+ Kg7 37. Rc7+ Kg6 (37... Rd7 $142 38. Rxd7+ Nxd7) 38. Rxb7 Ng4 39. f3 Ne3 40. Rb4 Rd2 41. g4 hxg4 42. fxg4 Nc2 $2 (42... Rg2 43. Rb6+ Kf7) 43. Rb6+ Kg7 44. Ne4 Re2 (44... Rd4 $142 45. Re6 Kf7) 45. Ng3 Rd2 46. Nf5+ Kg8 47. Rd6 Re2 48. Ng3 Rf2 49. Rd8+ Kf7 50. Rd7+ Ke6 51. Rd3 Rf4 52. Rc3 Nd4 (52... Rxg4 {is a better chance.} 53. Kg2 (53. Rxc2 Rxg3 54. h5 Rd3 $18) 53... Nd4 54. Re3+ Kd5) 53. Re3+ Kf7 54. Re4 Ne6 55. Rxf4+ Nxf4 {[%emt 0:00:07] KN-KN} 56. Nf5 Nd3 57. Nd6+ Ke6 58. Nc4 Nf2+ 59. Kg2 Nxg4 60. Kf3 Nf6 61. b4 Kd5 62. Na3 Ke5 63. b5 axb5 64. axb5 {[%emt 0:00:02][%cal Ba4b5,Bb5b6,Bb6b7][%mdl 32] White mates.} Nd5 65. Kg4 Kf6 66. Nc4 Ne7 67. b6 Nc6 68. b7 Kg6 69. h5+ Kh6 70. Kh4 Kh7 {[%emt 0:00:52] [#]} 71. Ne5 $1 Nb8 72. Kg5 Kg7 73. h6+ Kh7 74. Kh5 Kh8 75. Kg6 Kg8 76. h7+ Kh8 77. Nf7# {[%emt 0:05:25] Black did not feel at home in the position after the opening.  Weighted Error Value: White=0.19 (very precise) /Black=0.42} 1-0

[Event "16th HSG Open-A 2022"]
[Site "Hilversum"]
[Date "2022.06.18"]
[Round "4.12"]
[White "Albers, Sasa"]
[Black "Berrevoets, Jeroen"]
[Result "0-1"]
[ECO "C07"]
[WhiteElo "2117"]
[BlackElo "2035"]
[Annotator "TA"]
[PlyCount "90"]
[EventDate "2022.06.17"]
[EventCountry "NED"]
[SourceTitle "playchess.com"]
[Source "ChessBase"]
[SourceQuality "1"]
[TimeControl "6600+10"]

1. e4 e6 2. d4 d5 3. Nd2 c5 4. Ngf3 cxd4 5. Nxd4 Nc6 6. Bb5 Bd7 7. Nxc6 bxc6 8. Bd3 Bd6 {[%emt 0:00:26] C07: French Tarrasch: 3...c5, 4 Ngf3 and 4 exd5 Qxd5.} 9. Qe2 e5 $1 {[%emt 0:08:35][%mdl 4] is more profitable than 9...Ne7 at the moment.} 10. Nf3 Qe7 {[%emt 0:06:28] [#] The position is equal.} 11. Bg5 $146 ({Predecessor:} 11. Ba6 Nf6 12. Bg5 Rb8 13. O-O O-O 14. b3 h6 15. Bxf6 Qxf6 16. Rad1 Rfe8 17. c3 {1-0 (50) Safarli,E (2667)-Kanmazalp,O (2481) Ankara 2018}) 11... f6 12. Bh4 Rb8 13. Rb1 Qf7 ({Black should try} 13... dxe4 $17 14. Bxe4 g5 15. Nxg5 (15. Bg3 $2 f5 $17) 15... fxg5 16. Qh5+ Kd8 17. Bxg5 Nf6) 14. exd5 cxd5 {[%emt 0:00:21] Threatens to win with ...Ne7.} 15. Nd4 Be7 16. Bg3 Rb6 17. Nb5 {[%emt 0:04:00] [#]} a6 ({Better is} 17... Nh6 $1 $17) 18. Nc7+ $11 Kf8 19. Nxa6 e4 20. Qe3 Qe6 21. Nc5 Bxc5 22. Qxc5+ Ne7 (22... Qe7 23. Qxb6 exd3+ 24. Qe3 dxc2 25. Rc1 $16) 23. Be2 {[%emt 0:00:38] next c4 is good for White.} Kf7 24. c3 (24. c4 $142 Rc8 25. Qd4 dxc4 26. O-O) 24... Ra8 {[%emt 0:01:28][%mdl 1024] Black has compensation.} 25. a3 Rc8 (25... Ba4 $5 ) 26. Qd4 Nf5 $36 {[%emt 0:02:36][%mdl 2048] Black has good play.} 27. Qd2 (27. Qd1 $1 $11) 27... e3 $15 {[%emt 0:05:50] Black is more active.} 28. fxe3 {[%emt 0:00:02] White is now going downhill.} ({White has to play} 28. Qd1 $1 $15) 28... Nxe3 $19 {[%emt 0:00:57] aiming for ...d4.} 29. Bf2 (29. Bf4 {only move.} Qe4 30. Bxe3 Qxb1+ 31. Kf2 Qxb2 32. Rd1 (32. Qxd5+ $2 Be6 $19)) 29... Qe4 $2 ({Black should play} 29... Nxg2+ $19 30. Kd1 (30. Kf1 $2 Qe4 $19) 30... d4 31. Bxd4 Rd6) 30. Qd3 $2 (30. Bd3 $1 $15 Nxg2+ 31. Kd1 Qf3+ 32. Kc2 Ba4+ 33. b3 Rxb3 34. Rxb3) 30... Nxg2+ 31. Kd1 Ba4+ 32. Kd2 $2 (32. b3 Bxb3+ 33. Kd2 Qf4+ 34. Be3 Nxe3 35. Qxe3 Qxe3+ 36. Kxe3) 32... Qf4+ 33. Be3 Qxe3+ {[%emt 0:00:39] Really sharp!} (33... Nxe3 $142 34. Qxe3 Qb8) 34. Qxe3 Nxe3 35. Kxe3 Bc2 36. Bf3 (36. Kd4 $142) 36... Bxb1 37. Bxd5+ Ke7 38. Rxb1 Rxc3+ $1 {[%emt 0:00:03][%mdl 4096] Endgame KRR-KRB} 39. Kd4 Rc2 40. b4 Kd6 {[%emt 0:00:43] Hoping for ...Rd2+.} 41. Be4 Ra2 42. Rb3 $2 (42. Rd1 {was called for.}) 42... Ra6 43. Rg3 g6 44. Rh3 Ra7 45. b5 {[%emt 0:00:11] [#]} (45. Rc3 $19 f5 46. Rc6+ Kd7 47. Bd5) 45... Ra4+ {[%emt 0:00:02] Weighted Error Value: White=0.83/Black=0.29 (precise)} 0-1

[Event "16th HSG Open-A 2022"]
[Site "Hilversum"]
[Date "2022.06.19"]
[Round "5.1"]
[White "Lanchava, Tea"]
[Black "Beerdsen, Thomas"]
[Result "1/2-1/2"]
[ECO "A22"]
[WhiteElo "2232"]
[BlackElo "2497"]
[Annotator "TA"]
[PlyCount "65"]
[EventDate "2022.06.17"]
[EventCountry "NED"]
[SourceTitle "playchess.com"]
[Source "ChessBase"]
[SourceQuality "1"]
[TimeControl "6600+10"]

1. c4 e5 2. Nc3 Nf6 3. Nf3 e4 4. Ng5 c6 5. Ngxe4 Nxe4 6. Nxe4 {[%emt 0:00:05] A22: English Opening: 1...e5 2 Nc3 Nf6.} d5 7. Ng3 (7. cxd5 $14 cxd5 8. Ng3 (8. Qa4+ $2 Bd7 $19)) 7... h5 {[%emt 0:00:40] [#]} (7... dxc4 $11 {is superior.} 8. b3 h5) 8. h4 $146 {[%emt 0:04:27] White is slightly better.} ({Predecessor:} 8. e3 h4 9. Ne2 dxc4 10. Nc3 Be6 11. d3 cxd3 12. Qxd3 Nd7 13. Bd2 Qb6 14. Qc2 {0-1 (30) Yang,K (2481)-Beerdsen,T (2508) Chess.com INT 2022}) 8... Bg4 9. Qb3 Bd6 10. cxd5 cxd5 11. Qxd5 Nc6 12. Ne4 Be7 13. Qxd8+ Rxd8 14. f3 Be6 15. Kf2 Nb4 16. b3 O-O 17. Bb2 (17. e3 $16) 17... f5 $14 18. Ng5 Bxg5 19. hxg5 {[%emt 0:00:07] Threatens to win with Bc3.} Rxd2 20. Ba3 Nc2 $36 {[%emt 0:04:26][%mdl 2048] Black has the initiative.} 21. Bxf8 Nxa1 22. Bb4 Rxa2 23. g6 Nxb3 24. Rxh5 a5 25. Bc3 Rc2 $1 26. Be5 Rc5 27. Bb2 b5 28. Rh7 Rc7 29. Be5 Rb7 30. g4 a4 31. f4 {[%emt 0:00:59] [#] Black must now prevent Bg2.} fxg4 32. Bg2 {[%emt 0:01:24] Prevents Bd5.} Re7 33. Bc6 {[%emt 0:11:11] Weighted Error Value: White=0.11 (very precise) /Black=0.09 (flawless)} 1/2-1/2

[Event "16th HSG Open-A 2022"]
[Site "Hilversum"]
[Date "2022.06.19"]
[Round "5.2"]
[White "Van Foreest, Machteld"]
[Black "Harff, Marcel"]
[Result "0-1"]
[ECO "C01"]
[WhiteElo "2287"]
[BlackElo "2336"]
[Annotator "TA"]
[PlyCount "62"]
[EventDate "2022.06.17"]
[EventCountry "NED"]
[SourceTitle "playchess.com"]
[Source "ChessBase"]
[SourceQuality "1"]
[TimeControl "6600+10"]

1. e4 e6 2. d4 d5 3. Bd3 dxe4 4. Bxe4 Nf6 5. Bf3 Nbd7 6. Ne2 {[%emt 0:00:07] C01: French: Exchange Variation.} e5 {[%emt 0:00:52] [#] White must now prevent ...e4.} 7. Bg5 {[%emt 0:09:49] [#]} h6 $146 ({Predecessor:} 7... Be7 8. Bxf6 Bxf6 9. Nbc3 exd4 10. Nxd4 Ne5 11. O-O Qxd4 {0-1 (11) Ezra,P (2162)-Miedema,D (2373) Helsingor 2017}) 8. dxe5 (8. Bxf6 $11 Nxf6 9. Nbc3 (9. dxe5 Qxd1+ 10. Kxd1 Ng4 $15)) 8... hxg5 $17 9. exf6 Qxf6 10. Qd4 Bc5 11. Qxf6 Nxf6 12. g3 $2 (12. Nd2 $17) 12... Ng4 $19 13. Bxg4 Bxg4 14. Nd2 {[%emt 0:00:29] Prevents Bf3.} (14. h4 {might work better.}) 14... O-O-O 15. h3 Bxe2 {[%emt 0:00:00] Black is clearly winning.} 16. Kxe2 Rhe8+ 17. Kd1 Bxf2 18. c3 (18. a4 $142 Bxg3 19. Ra3) 18... Rd6 19. Rc1 Bxg3 20. Rc2 Bf4 21. Rf1 Red8 22. Rf2 f5 {[%emt 0:00:00] [#] aiming for ...Rxd2+.} 23. Re2 Rxd2+ 24. Rcxd2 Rxd2+ 25. Rxd2 Bxd2 26. Kxd2 {[%emt 0:00:02][%mdl 4096] Endgame KP-KP} Kd7 27. Ke3 Ke6 28. Kd4 b6 29. b3 c5+ 30. Ke3 Ke5 31. Kf3 g4+ {[%emt 0:00:00] White got outplayed after the opening.  Weighted Error Value: White=1.24/Black=0.56} 0-1

[Event "16th HSG Open-A 2022"]
[Site "Hilversum"]
[Date "2022.06.19"]
[Round "5.3"]
[White "Grutter, Tim"]
[Black "Pijpers, Arthur"]
[Result "0-1"]
[ECO "B76"]
[WhiteElo "2241"]
[BlackElo "2463"]
[Annotator "TA"]
[PlyCount "98"]
[EventDate "2022.06.17"]
[EventCountry "NED"]
[SourceTitle "playchess.com"]
[Source "ChessBase"]
[SourceQuality "1"]
[TimeControl "6600+10"]

1. e4 c5 2. Nf3 d6 3. d4 cxd4 4. Nxd4 Nf6 5. Nc3 g6 6. Be3 Bg7 7. f3 Nc6 8. Qd2 O-O 9. O-O-O d5 10. exd5 Nxd5 11. Nxc6 bxc6 12. Bd4 Bxd4 13. Qxd4 Qb6 14. Na4 Qa5 {[%emt 0:02:06][%cal Oe7e5] [#] Strongly threatening ...e5! B76: Sicilian Dragon: Yugoslav Attack, 9 g4 and 9 0-0-0.} 15. b3 Qc7 16. Bc4 Rd8 $1 {[%emt 0:11:36] The position is equal.} 17. g4 {[%emt 0:00:16] Inhibits Bf5.} Be6 18. Nc5 Nf4 19. Nxe6 Nxe6 20. Qc3 Nf4 21. h4 h6 22. Kb2 {[%emt 0:06:32] [#]} Rxd1 $146 ({Predecessor:} 22... e6 23. h5 g5 24. Rhe1 Qe7 25. a3 Rab8 26. Bd3 Nd5 27. Qe5 Nb6 28. Ka2 Nd5 {½-½ (40) Kitson,K (2258)-Thompson,B (2325) ICCF email 2017}) 23. Rxd1 Rd8 24. Rxd8+ Qxd8 $14 {[%emt 0:00:04][%mdl 4096] Endgame KQB-KQN} 25. Qe3 Qc7 26. a4 (26. Qc5 $14) 26... Kg7 (26... c5 $1 $11) 27. a5 c5 28. Qc3+ e5 (28... f6 $1 $11) 29. Qe3 Ng2 30. Qe4 ({Better is} 30. Qf2 $16 Nf4 31. Qd2) 30... Nxh4 $11 31. a6 Qe7 (31... Kf6 $1 $11) 32. Qb7 $2 ({Only move:} 32. f4 $18) 32... Kf6 33. c3 {[%emt 0:00:51] aiming for b4.} Ng2 34. b4 cxb4 35. Qxe7+ $4 {[%emt 0:01:55][%mdl 8192] Black converts the advantage convincingly.} (35. cxb4 $11 Qd6 36. Qxf7+ Kg5 37. Qxa7 Qxb4+ 38. Bb3 Qd2+ 39. Ka3 Qa5+ 40. Kb2 Qd2+ 41. Kb1 Qe1+ 42. Kb2 Qd2+) 35... Kxe7 $19 36. cxb4 $11 {[%emt 0:00:04] KB-KN} Kd6 37. Kc3 h5 {[%emt 0:02:35] Threatens to win with ...Nf4.} 38. gxh5 gxh5 39. Kd2 h4 {[%emt 0:00:24] ( -> ...h3)} 40. Ke2 h3 {[%emt 0:00:05] Black mates.} 41. Kf2 {[%emt 0:00:05] [#]} Ne3 $1 42. Bf1 (42. Kg3 Nxc4) 42... Nxf1 43. Kxf1 {[%emt 0:00:02] KP-KP} Kc6 44. Kf2 Kb5 45. Kg3 Kxa6 46. Kxh3 Kb5 47. Kg4 Kxb4 48. Kf5 a5 49. Kxe5 a4 {[%emt 0:00:04] Weighted Error Value: White=0.73/Black=0.19 (very precise)} 0-1